 Dungeon Crawl Stone Soup version 0.18.1-6-gd335043 (webtiles) character file.

102 Mythrrinthael the Chopper (level 4, -3/37 HPs)
             Began as a Hill Orc Gladiator on May 16, 2016.
             Slain by Sigmund
             ... wielding a cursed -2 scythe
              (5 damage)
             ... on level 3 of the Dungeon.
             The game lasted 00:19:50 (2072 turns).

Mythrrinthael the Chopper (Hill Orc Gladiator)      Turns: 2072, Time: 00:19:52

Health: -3/37      AC:  4    Str: 22    XL:     4   Next: 78%
Magic:  4/4        EV: 12    Int:  8    God:
Gold:   82         SH:  0    Dex: 12    Spells: 0 memorised, 3 levels left

rFire  . . .     SeeInvis .     a - +0 war axe
rCold  . . .     Gourm    .     b - +0 leather armour
rNeg   . . .     Faith    .     (no shield)
rPois  +         Spirit   .     c - +0 helmet
rElec  .         Dismiss  .     (no cloak)
rCorr  .         Reflect  .     (no gloves)
SustAt .         Harm     .     (no boots)
MR     .....                    (no amulet)
Stlth  +.........               (no ring)
                                e - ring of poison resistance

@: mighty, not resistant to hostile enchantments, very unstealthy
A: no striking features
a: no special abilities


You were on level 3 of the Dungeon.
You were not hungry.

You visited 1 branch of the dungeon, and saw 3 of its levels.

You collected 82 gold pieces.

Inventory:

Hand Weapons
 a - a +0 war axe (weapon)
 n - a +0 flail
Missiles
 d - 3 throwing nets (quivered)
Armour
 b - a +0 leather armour (worn)
 c - a +0 helmet (worn)
Jewellery
 e - a ring of poison resistance (left hand)
Wands
 o - a wand of polymorph (8/24)
Scrolls
 j - 2 scrolls of identify
 k - 2 scrolls of immolation {unknown}
 l - a scroll of amnesia {unknown}
 q - a scroll of fog {unknown}
Potions
 i - 2 potions of lignification {unknown}
 m - 2 potions of curing {unknown}
Comestibles
 f - 2 bread rations
 p - 4 chunks of flesh


   Skills:
 - Level 2.5 Fighting
 + Level 6.7 Axes
 - Level 1.8 Throwing
 - Level 2.7 Dodging


You had 3 spell levels left.
You didn't know any spells.

Dungeon Overview and Level Annotations

Branches:
Dungeon (3/15)

Altars:
Dithmenos
Makhleb

Annotations:
D:3 Sigmund; smzp's ghost, weakling DESu


Message History

Identify which item? (\ to view known items) (? for menu, Esc to quit)
Choose an unidentified item, or Esc to abort.
Identify which item? (\ to view known items) (? for menu, Esc to quit)
h - a potion of might The crimson imp grinds its teeth.
Smzp's ghost gestures wildly while chanting.
The goblin hits you but does no damage.
Read which item? (? for menu, Esc to quit)
Okay, then.
Drink which item? (? for menu, Esc to quit)
You feel very mighty all of a sudden. The bat closely misses you.
Something barely misses you. Smzp's ghost barely misses you.
The goblin closely misses you.
You completely miss smzp's ghost. You slash the bat!
You kill the bat!
The bat's corpse disappears in a puff of smoke!
You barely miss the goblin. The bat barely misses you.
Smzp's ghost hits you but does no damage.
Something hits you.
You die... . ## . ... .# ###.#######. .......... #.#.#.r. #...r5{# #bgW#

#.ยง@# #.#.#
#.#.#####
#######.#......
.............#
.########..#.##.#
.......<...#.#
.#############


You could see smzp's ghost, a crimson imp, a quokka, a goblin, a bat and a rat.

Vanquished Creatures
  Jessica (D:2)
  A gnoll (D:1)
  3 adders (D:2)
  An ooze (D:2)
  2 dart slugs (D:1)
  A giant gecko (D:2)
  4 bats
  2 giant cockroaches (D:2)
  4 hobgoblins
  2 jackals (D:1)
  4 kobolds
  A ball python (D:1)
  A giant newt (D:2)
  4 goblins (D:1)
  A rat (D:2)
32 creatures vanquished.

Notes
Turn   | Place    | Note
--------------------------------------------------------------
     0 | D:1      | Mythrrinthael the Hill Orc Gladiator began the quest for the Orb.
     0 | D:1      | Reached XP level 1. HP: 18/18 MP: 1/1
    12 | D:1      | Reached XP level 2. HP: 17/25 MP: 2/2
   385 | D:1      | Reached XP level 3. HP: 25/30 MP: 3/3
   564 | D:1      | Reached skill level 5 in Axes
  1232 | D:2      | Reached XP level 4. HP: 37/37 MP: 4/4
  1251 | D:2      | Found a shadowy altar of Dithmenos.
  1437 | D:2      | Reached skill level 6 in Axes
  1788 | D:2      | Noticed Jessica
  1807 | D:2      | Found a burning altar of Makhleb.
  1869 | D:2      | Killed Jessica
  2055 | D:3      | Noticed Sigmund
  2056 | D:3      | Noticed smzp's ghost (weakling DESu)
  2068 | D:3      | HP: 1/37 [something (8)]
  2072 | D:3      | Slain by Sigmund

Skill      XL: |  1  2  3  4 |
---------------+-------------+-----
Axes           | 5 6 |  6.7
Fighting       | |  2.5
Throwing       | |  1.8
Dodging        | |  2.7

Action                   |  1- 3 |  4- 6 || total
-------------------------+-------+-------++-------
Melee: War axe           |    55 |    35 ||    90
  Use: Scroll            |       |     2 ||     2
       Potion            |       |     1 ||     1
  Eat: Chunk             |     1 |     1 ||     2
       Bread ration      |       |     1 ||     1
Armor: Leather armour    |    11 |     9 ||    20
Dodge: Dodged            |    37 |    37 ||    74
